 Dungeon Crawl Stone Soup version 0.21.1-1-g345015f (webtiles) character file.

58 Monsterracer the Ruffian (level 3, -1/31 HPs)
             Began as a Minotaur Monk on May 31, 2018.
             Slain by a worker ant (2 damage)
             ... on level 4 of the Dungeon.
             The game lasted 00:02:40 (2672 turns).

Monsterracer the Ruffian (Minotaur Monk)            Turns: 2672, Time: 00:02:41

Health: -1/31      AC:  0    Str: 15    XL:     3   Next: 75%
Magic:  2/2        EV: 12    Int:  7    God:
Gold:   179        SH:  0    Dex: 13    Spells: 2/2 levels left

rFire    . . .     SeeInvis .     - Unarmed
rCold    . . .     Gourm    .   (no shield)
rNeg     . . .     Faith    .   (no armour)
rPois    .         Spirit   .   (helmet restricted)
rElec    .         Reflect  .   (no cloak)
rCorr    .         Harm     .   (no gloves)
MR       .....                  (no boots)
Stlth    +.........             (no amulet)
HPRegen  0.10/turn              (no ring)
MPRegen  0.08/turn              (no ring)

@: lethally poisoned (-1 -> -14), drained
A: retaliatory headbutt, horns 2
a: no special abilities


You were on level 4 of the Dungeon.
You were very hungry.

You visited 1 branch of the dungeon, and saw 4 of its levels.

You collected 179 gold pieces.

Inventory:

Armour
 k - a +1 shield
Scrolls
 b - 2 scrolls of teleportation
 d - a scroll of enchant armour
 g - a scroll of identify
 h - 2 scrolls of immolation {!r}
 l - 2 scrolls of remove curse
Potions
 a - a potion of cancellation {unknown}
 e - 4 potions of haste {unknown}
 f - a potion of invisibility {unknown}
 i - a potion of might {unknown}
Comestibles
 c - 5 rations


   Skills:
 - Level 3.6(2.6) Fighting
 - Level 3.2(2.3) Dodging
 - Level 1.5(0.6) Stealth
 + Level 5.2(4.2) Unarmed Combat


You had 2 spell levels left.
You didn't know any spells.

Dungeon Overview and Level Annotations

Branches:
Dungeon (4/15)
 Temple: D:4-7

Altars:
Okawaru
Qazlal
Wu Jian
Yredelemnul


Innate Abilities, Weirdness & Mutations

You reflexively headbutt those who attack you in melee.
You have a pair of horns on your head.


Message History

It was a scroll of noise.
Done exploring.
There is a stone staircase leading down here.
You climb downwards.
There is a stone staircase leading up here.
Found 18 sling bullets.
No target in view!
No target in view!
You now have 150 gold pieces (gained 15).
You now have 164 gold pieces (gained 14).
f - a fuming ruby potion No target in view!
An adder skeleton comes into view.
You see here 4 gold pieces.
An adder skeleton is nearby!
The adder skeleton closely misses you.
You hit the adder skeleton.
The adder skeleton is lightly damaged.
The adder skeleton barely misses you.
You hit the adder skeleton.
Your headbutt misses the adder skeleton.
The adder skeleton is moderately damaged.
The adder skeleton bites you.
You take 4 damage, and have 27/31 hp.
You hit the adder skeleton.
The adder skeleton is heavily damaged.
The adder skeleton misses you.
You hit the adder skeleton but do no damage.
The adder skeleton is heavily damaged.
The adder skeleton bites you.
You take 3 damage, and have 24/31 hp.
An adder skeleton is nearby!
You closely miss the adder skeleton.
You destroy the adder skeleton!
No target in view!
You are feeling very hungry.
You regained 5 hp, and now have 29/31 hp.
HP restored.
You now have 168 gold pieces (gained 4).
g - a scroll of identify Health restored: 31
Found a stone staircase leading down.
No target in view!
c - 5 rations (gained 1)
You now have 179 gold pieces (gained 11).
Key pressed, stopping explore.
No target in view!
No target in view!
You enter a teleport trap!
The teleport trap disappears.
Your surroundings suddenly seem different.
No target in view!
A worker ant comes into view.
A worker ant is nearby!
A hound comes into view.
Found 25 stones.
There are monsters nearby!
The worker ant twitches its antennae in your direction.
The worker ant barely misses you.
You barely miss the worker ant. You punch the worker ant.
The worker ant is lightly wounded.
The worker ant barely misses you.
You hit the worker ant.
The worker ant is moderately wounded.
The worker ant bites you!
You take 8 damage, and have 23/31 hp.
MASSIVE DAMAGE!!
You are too injured to fight recklessly!
You are too injured to fight recklessly!
You barely miss the worker ant.
The worker ant is moderately wounded.
The worker ant bites you.
You are poisoned.
The worker ant poisons you!
You hit the worker ant but do no damage.
Your headbutt misses the worker ant.
The worker ant is moderately wounded.
You feel sick. The worker ant bites you.
You take 3 damage, and have 20/31 hp.
You hit the worker ant.
The worker ant is heavily wounded.
You feel sick. The worker ant bites you!
* * * LOW HITPOINT WARNING * * *
You take 8 damage, and have 12/31 hp.
MASSIVE DAMAGE!!
You closely miss the worker ant.
The worker ant is heavily wounded.
You feel sick. The worker ant bites you.
* * * LOW HITPOINT WARNING * * *
You are more poisoned.
The worker ant poisons you!
You take 6 damage, and have 6/31 hp.
You hit the worker ant.
The worker ant is severely wounded.
* * * LOW HITPOINT WARNING * * *
You feel sick. The worker ant bites you.
* * * LOW HITPOINT WARNING * * *
You take 4 damage, and have 2/31 hp.
You closely miss the worker ant.
The worker ant is severely wounded.
* * * LOW HITPOINT WARNING * * *
You feel sick. The worker ant bites you.
You die...

#. #.#
##.#.#####.#
...........#
...##..####
#..# #..#
#..#
#..#####
#$....@#
#..###.a.#
#..# ##++#
#..# #..#
#..# #..#
h.(#


You could see a worker ant.

Vanquished Creatures
  4 oozes
  An adder skeleton (D:4)
  A worm (D:2)
  A dart slug (D:3)
  A leopard gecko (D:2)
  5 bats
  2 giant cockroaches
  2 goblins (D:2)
  5 hobgoblins
  A kobold (D:1)
  A quokka (D:3)
  2 frilled lizards (D:2)
  6 rats
32 creatures vanquished.

Notes
Turn   | Place    | Note
-------+----------+-------------------------------------------
     0 | D:1      | Monsterracer the Minotaur Monk began the quest for the Orb.
     0 | D:1      | Reached XP level 1. HP: 19/19 MP: 0/0
   346 | D:1      | Reached skill level 4 in Unarmed Combat
   346 | D:1      | Reached XP level 2. HP: 21/26 MP: 1/1
   751 | D:2      | Reached XP level 3. HP: 30/31 MP: 2/2
  1427 | D:2      | Reached skill level 5 in Unarmed Combat
  1813 | D:3      | Found an ornate altar of the Wu Jian Council.
  1816 | D:3      | Found a basalt altar of Yredelemnul.
  1819 | D:3      | Found an iron altar of Okawaru.
  1822 | D:3      | Found a stormy altar of Qazlal.
  2669 | D:4      | HP: 12/31 [worker ant (7)]
  2671 | D:4      | HP: 5/31 [poisoned by a worker ant]
  2671 | D:4      | HP: 2/31 [worker ant (3)]
  2672 | D:4      | Slain by a worker ant

Skill      XL: |  1  2  3 |
---------------+----------+-----
Unarmed Combat | 4 5 |  5.2
Fighting       | |  3.6
Dodging        | |  3.2
Stealth        | |  1.5

Action                   || total
-------------------------++-------
Melee: Unarmed           ||    81
       Headbutt          ||    13
       Punch             ||     1
  Use: Scroll            ||     6
 Stab: Sleeping          ||     6
  Eat: Chunk             ||     4
Armor: Robe              ||    17
Dodge: Dodged            ||    41

Vault maps used:
D:1:      elethiomel_arrival_shortcut
D:2:      kennysheep_nub, kennysheep_cross_room
D:3:      grunt_temple_overflow_cloverleaf
D:4:      lemuel_doored_altar, minmay_temple_entry_poolview, first_ration,
          kennysheep_generic_room_15
